 Dungeon Crawl Stone Soup version 0.17.2-1-ge4368a0 (webtiles) character file.

1411 Charly the Grappler (level 8, -11/42 HPs)
             Began as a Vine Stalker Warper on July 9, 2017.
             Was a Follower of Cheibriados.
             Killed from afar by an electric eel (14 damage)
             ... with a bolt of electricity
             ... on level 9 of the Dungeon.
             The game lasted 00:19:47 (1563 turns).

Charly the Grappler (Vine Stalker Warper)           Turns: 1563, Time: 00:19:47

Health: -11/42     AC:  5    Str: 18    XL:     8   Next: 70%
Magic:  0/12       EV: 14    Int: 13    God:    Cheibriados [*.....]
Gold:   41         SH:  0    Dex: 20    Spells: 4 memorised, 3 levels left

rFire  . . .     SeeInvis .       - Unarmed
rCold  . . .     Clarity  .     a - +0 leather armour
rNeg   . . .     SustAt   .     (no shield)
rPois  +         Gourm    .     (helmet restricted)
rElec  .         Spirit   +     (no cloak)
rCorr  .         Warding  .     (no gloves)
rMut   .         Stasis   .     h - +1 pair of boots
MR     +....                    (no amulet)
Stlth  +.........               n - +4 ring of dexterity
                                m - ring of poison resistance

@: lethally poisoned (-11 -> -12), exhausted, slowed, studying Summonings, very
slow, somewhat resistant to hostile enchantments, very unstealthy
A: fangs 3, horns 1, dopey 1, regeneration 2, magic shield, antimagic bite, no
device heal 3, rot immunity, subdued magic 1
a: Bend Time, Renounce Religion


You were on level 9 of the Dungeon.
You worshipped Cheibriados.
Cheibriados was aware of your devotion.
You were not hungry.

You visited 1 branch of the dungeon, and saw 10 of its levels.
You also visited: Ossuary.

You collected 41 gold pieces.

Inventory:

Missiles
 d - 3 tomahawks of dispersal (quivered)
Armour
 a - a +0 leather armour (worn)
 h - a +1 pair of boots (worn)
Jewellery
 m - a ring of poison resistance (left hand)
 n - a +4 ring of dexterity (right hand)
Wands
 k - a wand of flame (6)
Scrolls
 c - 2 scrolls of remove curse
 i - a scroll of magic mapping
 o - a scroll of amnesia
Potions
 j - 4 potions of curing
Books
 b - a book of Spatial Translocations

   Spells                             Type                      Level
   a - Apportation                    Translocation                1
   b - Blink                          Translocation                2
   c - Shroud of Golubria             Charms/Translocation         2
   d - Portal Projectile              Translocation                3
   e - Teleport Other                 Translocation                3
   f - Passage of Golubria            Translocation                4
 f - a manual of Summonings
Comestibles
 e - 4 bread rations


   Skills:
 - Level 4.0 Fighting
 - Level 0.8 Throwing
 - Level 0.7 Armour
 - Level 3.1 Dodging
 + Level 9.2 Unarmed Combat
 - Level 2.1 Spellcasting
 - Level 3.0 Translocations


You had 3 spell levels left.
You knew the following spells:

 Your Spells              Type           Power        Failure   Level  Hunger
a - Apportation           Tloc           #.........   4%          1    ##.....
b - Blink                 Tloc           N/A          7%          2    ###....
g - Shroud of Golubria    Chrm/Tloc      #.........   13%         2    ###....
t - Teleport Other        Tloc           #.......     16%         3    ####...


Dungeon Overview and Level Annotations

Branches:
Dungeon (10/15)              Lair (0/8) D:9
 Temple: D:4-7          Orc: D:9-12

Altars:
Cheibriados
Vehumet
Yredelemnul

Annotations:
D:8 Grum


Innate Abilities, Weirdness & Mutations

You have razor-sharp teeth.
You heal very quickly.
When hurt, damage is shared between your health and your magic reserves.
Your bite disrupts and absorbs the magic of your enemies.
Potions and wands cannot restore your health.
You are immune to rotting.
You have a pair of small horns on your head.
You are dopey. (Int -2)
Your spells are a little easier to cast, but a little less powerful.


Message History

The wolf stops to sniff the ground.
The wolf closely misses you.
An iguana comes into view.
Casting: Shroud of Golubria
Confirm with . or Enter, or press ? or * to list all spells.
You blink.
The iguana hisses angrily.
The hound closely misses you.
Unknown command.
Drop what? 13/52 slots (_ for help) (? for menu, Esc to quit)
Okay, then.
Casting: Blink
Confirm with . or Enter, or press ? or * to list all spells.
You blink.
Splash!
You fall into the shallow water.
Moving in this stuff is going to be slow.
The electric eel shoots out a bolt of lightning at you!
The bolt of electricity hits you!
You die...

##.## #....... ##..# ##.......
#..## #...##### #.##
#####+##########.####### #.#
.............§...hh..... ##.#
.............hhhyh...... #..#
...≈≈...≈.≈.y...hh†..... #<##
..≈≈≈≈≈≈≈....y..........
#y#####...≈≈≈≈@.≈.≈≈Th.........
###........≈≈≈≈≈≈≈≈≈≈l...........
y..y.# ≈≈≈.≈≈≈≈≈≈≈≈............
##.### ≈≈≈≈≈.≈.≈.≈;≈≈..........
##.# ≈≈≈≈≈≈....≈≈≈........... #.#
≈≈≈≈≈..>.≈.≈≈.. #.#
≈≈≈≈≈.....≈≈≈.≈ #+#
≈≈≈≈≈≈..≈.≈≈≈..


You could see a troll, 2 wolves, an iguana, a hound, 2 killer bees and an
electric eel.

Vanquished Creatures
  A wolf (D:9)
  A hippogriff (D:8)
  A sky beast (D:9)
  A centaur (D:7)
  A necrophage (D:5)
  2 ogres (D:8)
  An elf zombie (Ossuary)
  A giant frog (D:7)
  3 killer bees (D:9)
  A scorpion (D:7)
  4 crimson imps
  A human zombie (Ossuary)
  A hound (D:7)
  An iguana (D:8)
  3 worker ants
  2 hound skeletons (D:6)
  3 mummies
  2 adders
  A shadow imp (D:8)
  An ooze (D:1)
  An adder skeleton (D:5)
  An adder zombie (D:7)
  2 orcs
  2 ball pythons
  5 giant cockroaches
  A gnoll zombie (Ossuary)
  4 hobgoblins
  2 kobolds
  A quokka (D:9)
  A bat (D:2)
  3 giant geckos
  4 giant newts
  A goblin zombie (Ossuary)
  3 hobgoblin zombies (Ossuary)
  A jackal zombie (Ossuary)
  A quokka skeleton (D:4)
  3 rats
  A rat zombie (Ossuary)
69 creatures vanquished.

Notes
Turn   | Place    | Note
--------------------------------------------------------------
     0 | D:1      | Charly the Vine Stalker Warper began the quest for the Orb.
     0 | D:1      | Reached XP level 1. HP: 11/11 MP: 4/4
    65 | D:1      | Reached XP level 2. HP: 1/15 MP: 1/6
    69 | D:1      | Learned a level 2 spell: Blink
    72 | D:1      | Learned a level 2 spell: Shroud of Golubria
   136 | D:2      | RAGE
   400 | D:3      | Reached XP level 3. HP: 18/18 MP: 7/7
   511 | D:4      | Found a basalt altar of Yredelemnul.
   530 | D:5      | Entered Level 5 of the Dungeon
   588 | D:4      | rP
   590 | D:5      | Noticed a necrophage
   596 | D:5      | Killed a necrophage
   596 | D:5      | Reached skill level 5 in Unarmed Combat
   596 | D:5      | Reached XP level 4. HP: 23/23 MP: 8/8
   596 | D:5      | Reached XP level 5. HP: 26/26 MP: 9/9
   605 | D:5      | Learned a level 3 spell: Teleport Other
   728 | D:6      | Found a sand-covered staircase.
   736 | Ossuary  | Entered an ossuary
   756 | Ossuary  | Gained mutation: You heal very quickly. [Vine Stalker growth]
   756 | Ossuary  | Reached XP level 6. HP: 24/32 MP: 10/10
   796 | Ossuary  | Reached skill level 6 in Unarmed Combat
   900 | D:7      | Found a radiant altar of Vehumet.
  1003 | D:7      | Reached XP level 7. HP: 31/36 MP: 8/11
  1023 | D:7      | Reached skill level 7 in Unarmed Combat
  1052 | D:7      | Found a snail-covered altar of Cheibriados.
  1057 | D:7      | Became a worshipper of Cheibriados the Contemplative
  1125 | D:9      | Noticed a hill giant
  1338 | D:9      | HP: 1/37 [sky beast (1)]
  1343 | D:9      | Gained mutation: You are dopey. (Int -2) [potion of mutation]
  1343 | D:9      | Gained mutation: You have a pair of small horns on your head. [potion of mutation]
  1343 | D:9      | Gained mutation: Your spells are a little easier to cast, but a little less powerful. [potion of mutation]
  1343 | D:9      | HP: 1/37 [poisoned by a worker ant]
  1352 | D:9      | Gained mutation: You have razor-sharp teeth. [Vine Stalker growth]
  1352 | D:9      | Reached XP level 8. HP: 3/42 MP: 2/12
  1369 | D:8      | Noticed a hippogriff
  1436 | D:8      | Reached skill level 8 in Unarmed Combat
  1444 | D:8      | Killed a hippogriff
  1472 | D:8      | Noticed a wolf
  1473 | D:8      | Noticed Grum
  1473 | D:8      | Noticed a wolf
  1486 | D:9      | Killed a wolf
  1490 | D:10     | Entered Level 10 of the Dungeon
  1518 | D:9      | Reached * piety under Cheibriados
  1551 | D:9      | Reached skill level 9 in Unarmed Combat
  1560 | D:9      | Noticed a troll
  1561 | D:9      | HP: 1/42 [wolf (2)]
  1563 | D:9      | Found a staircase to the Lair.
  1563 | D:9      | Killed from afar by an electric eel

Action                   |  1- 3 |  4- 6 |  7- 9 || total
-------------------------+-------+-------+-------++-------
Melee: Unarmed           |    83 |    83 |   111 ||   277
Throw: Tomahawk          |       |       |     2 ||     2
 Cast: Shroud of Golubri |       |       |     5 ||     5
       Blink             |       |       |     5 ||     5
       Apportation       |       |       |     3 ||     3
       Teleport Other    |       |       |     3 ||     3
 Abil: Evoke Berserk Rag |     2 |     2 |     1 ||     5
Evoke: Wand              |       |     2 |     3 ||     5
  Use: Scroll            |     3 |     3 |     4 ||    10
       Potion            |       |       |     8 ||     8
 Stab: Sleeping          |       |     1 |       ||     1
  Eat: Fruit             |     3 |     2 |       ||     5
       Royal jelly       |     1 |       |     1 ||     2
